 Dungeon Crawl Stone Soup version 0.24-a0-537-g2d01d4ab0a (webtiles) character file.

Game seed: 6082179316772015344

1052 Mithandil the Conjurer (level 8, 0/44 HPs)
             Began as a Tengu Conjurer on Aug 12, 2019.
             Was an Initiate of Vehumet.
             Slain by a hound (1 damage)
             ... on level 6 of the Dungeon.
             The game lasted 00:37:19 (5554 turns).

Mithandil the Conjurer (Tengu Conjurer)             Turns: 5554, Time: 00:37:21

Health: 0/44       AC:  4    Str: 10    XL:     8   Next: 26%
Magic:  7/15       EV: 12    Int: 16    God:    Vehumet [......]
Gold:   171        SH:  5    Dex: 15    Spells: 5/16 levels left

rFire    . . .     SeeInvis +   a - +1 spear (vamp)
rCold    + . .     Gourm    .   g - +0 buckler
rNeg     . . .     Faith    .   n - +0 leather armour
rPois    .         Spirit   .   (helmet restricted)
rElec    .         Reflect  .   (no cloak)
rCorr    .         Harm     .   o - +0 pair of gloves
MR       .....                  (boots unavailable)
Stlth    ++........             (no amulet)
HPRegen  0.14/turn              q - ring of protection from cold
MPRegen  0.14/turn              B - ring of see invisible

@: about to teleport
A: beak, talons 3, able to fly
a: Fly, Renounce Religion


You were on level 6 of the Dungeon.
You worshipped Vehumet.
Vehumet was noncommittal.
You were not hungry.

You visited 2 branches of the dungeon, and saw 7 of its levels.

You collected 171 gold pieces.

Inventory:

Hand Weapons
 a - a +1 vampiric spear (weapon)
 b - a +2 short sword of electrocution
 t - a +0 trident
 v - a +0 whip
 z - a +2 dagger of venom
 A - a +2 whip of flaming
 C - a +0 shortbow of flaming
 D - a +0 fustibalus
 F - a +0 dagger of flaming
Missiles
 d - 22 bolts
 l - 45 arrows
 m - 22 sling bullets
 r - a throwing net (quivered)
 w - 3 javelins
Armour
 g - a +0 buckler (worn)
 n - a +0 leather armour (worn)
 o - a +0 pair of gloves (worn)
Jewellery
 q - a ring of protection from cold (left hand)
 u - an uncursed ring of protection from cold
 B - a ring of see invisible (right hand)
Wands
 s - a wand of random effects (37)
 x - a wand of disintegration (16)
Scrolls
 e - 2 scrolls of identify
 h - 2 scrolls of teleportation
 i - 3 scrolls of remove curse
 y - a scroll of enchant weapon
Potions
 j - 5 potions of curing
 k - a potion of agility
 p - 2 potions of ambrosia
 E - a potion of mutation {unknown}
Comestibles
 c - 7 rations


   Skills:
 + Level 2.0 Fighting
 - Level 2.0 Maces & Flails
 * Level 2.2 Polearms
 + Level 2.0 Armour
 + Level 3.0 Dodging
 + Level 2.5 Stealth
 * Level 3.2 Shields
 * Level 4.5 Spellcasting
 * Level 7.7 Conjurations
 * Level 2.3 Translocations


You had 5 spell levels left.
You knew the following spells:

 Your Spells              Type           Power        Failure   Level  Hunger
a - Magic Dart            Conj           ####         1%          1    None
b - Searing Ray           Conj           ####..       1%          2    ##.....
c - Force Lance           Conj/Tloc      ###.....     28%         4    ####...
d - Iskenderun's Mystic   Conj           ####....     10%         4    ####...

Your spell library contained the following spells:

 Spells                   Type           Power        Failure   Level  Hunger
 Dazzling Spray           Conj/Hex       ###...       14%         3    ###....
 Fulminant Prism          Conj/Hex       ###.......   43%         4    ####...


Dungeon Overview and Level Annotations

Branches:
Dungeon (6/15)             Temple (1/1) D:4

Altars:
Dithmenos
Elyvilon
Fedhas
Gozag
Hepliaklqana
Kikubaaqudgha
Makhleb
Nemelex Xobeh
Okawaru
Qazlal
Ru
Sif Muna
Trog
Vehumet
Wu Jian
Xom
Yredelemnul
Zin

Shops:
D:4 =

Annotations:
D:2 Sigmund
D:5 Menkaure


Innate Abilities, Weirdness & Mutations

You have a beak for a mouth.
You have claws for feet.
You can fly continuously.


Message History

You climb downwards.
A howler monkey comes into view.
The howler monkey howls!
The howler monkey hits you.
* * * LOW HITPOINT WARNING * * *
The howler monkey hits you.
* * * LOW HITPOINT WARNING * * *
Found 22 gold pieces.
There is a stone staircase leading up here.
As you read the scroll of teleportation, it crumbles to dust.
You feel strangely unstable. The hound barely misses you.
The howler monkey closely misses you.
You hit the hound. You claw the hound.
The hound is almost dead.
The hound bites you.
* * * LOW HITPOINT WARNING * * *
The howler monkey hits you.
* * * LOW HITPOINT WARNING * * *
The hound bites you.
You die...

## .# #.#
########..#
..........#
.......@h.#
#.....h...#
..........#
#$........#
#.........#
#.........#
###########


You could see a howler monkey and a hound.

Vanquished Creatures
  Eustachio (D:4)
  An ice beast (D:5)
  An ogre (D:5)
  A centaur (D:4)
  Blork the orc (D:4)
  2 crimson imps (D:5)
  An orc priest (D:3)
  A jelly (D:5)
  3 orc wizards
  2 centaur skeletons
  Terence (D:3)
  An iguana (D:5)
  2 worker ants (D:4)
  Robin (D:2)
  8 gnolls
  3 adders
  4 worms
  3 dart slugs
  8 orcs
  A ball python (D:4)
  A giant cockroach (D:1)
  15 goblins
  8 hobgoblins
  12 jackals
  7 kobolds
  A quokka (D:5)
  2 bats
  6 frilled lizards
  A quokka skeleton (D:4)
  4 rats
103 creatures vanquished.

Notes
Turn   | Place    | Note
-------+----------+-------------------------------------------
     0 | D:1      | Mithandil the Tengu Conjurer began the quest for the Orb.
     0 | D:1      | Reached XP level 1. HP: 10/10 MP: 4/4
   247 | D:1      | Reached XP level 2. HP: 12/15 MP: 0/6
   342 | D:1      | You fall into a shaft and drop 1 floor!
   607 | D:1      | Reached skill level 1 in Shields
  1002 | D:2      | Reached skill level 6 in Conjurations
  1013 | D:2      | Noticed Sigmund
  1023 | D:2      | Reached XP level 3. HP: 19/19 MP: 2/7
  1025 | D:2      | Found a sacrificial altar of Ru.
  1360 | D:3      | You fall into a shaft and drop 1 floor!
  1462 | D:3      | Learned a level 2 spell: Searing Ray
  1638 | D:3      | Reached XP level 4. HP: 24/24 MP: 2/8
  1655 | D:3      | Reached skill level 1 in Fighting
  1780 | D:2      | Reached skill level 1 in Maces & Flails
  1853 | D:2      | Found a shadowy altar of Dithmenos.
  2112 | D:2      | Found a basalt altar of Yredelemnul.
  2118 | D:2      | Found a shimmering altar of Xom.
  2118 | D:2      | Found a basalt altar of Yredelemnul.
  2120 | D:2      | Found a basalt altar of Yredelemnul.
  2120 | D:2      | Found an iron altar of Okawaru.
  2120 | D:2      | Found a white marble altar of Elyvilon.
  2155 | D:2      | Gained mutation: You can fly continuously. [Tengu growth]
  2155 | D:2      | Reached XP level 5. HP: 29/29 MP: 6/9
  2177 | D:2      | Learned a level 4 spell: Force Lance
  2223 | D:2      | Noticed Robin
  2231 | D:2      | Killed Robin
  2231 | D:2      | Reached skill level 1 in Armour
  2592 | D:3      | Noticed Terence
  2603 | D:3      | Killed Terence
  2676 | D:4      | Noticed Blork the orc
  2968 | D:4      | Killed Blork the orc
  2968 | D:4      | Reached XP level 6. HP: 34/34 MP: 3/11
  3088 | D:5      | Entered Level 5 of the Dungeon
  3175 | D:3      | Found a faded altar of an unknown god.
  3927 | D:4      | Noticed Eustachio
  3940 | D:4      | Killed Eustachio
  3940 | D:4      | Reached skill level 7 in Conjurations
  3940 | D:4      | Reached skill level 1 in Translocations
  3940 | D:4      | Reached XP level 7. HP: 28/38 MP: 0/13
  4098 | D:4      | Learned a level 4 spell: Iskenderun's Mystic Blast
  4201 | D:4      | Found a staircase to the Ecumenical Temple.
  4607 | Temple   | Entered the Ecumenical Temple
  4628 | Temple   | Became a worshipper of Vehumet
  4904 | D:4      | Found Fouqameym's Jewellery Emporium.
  5216 | D:5      | Found an opulent altar of Gozag.
  5260 | D:5      | Reached skill level 1 in Polearms
  5269 | D:5      | Reached XP level 8. HP: 17/44 MP: 1/15
  5398 | D:5      | Found a glowing silver altar of Zin.
  5465 | D:5      | Found a shimmering blue altar of Sif Muna.
  5539 | D:5      | Noticed Menkaure
  5554 | D:6      | HP: 1/44 [howler monkey (3)]
  5554 | D:6      | Slain by a hound

Levels and vault maps discovered:
D:1:      elethiomel_arrival_shortcut, layout_basic
D:2:      layout_basic, doesnt_xom_only_xom,
          nicolae_dithmenos_through_a_glass_darkly, hangedman_ru_absence,
          uniq_sigmund, uniq_robin
D:3:      layout_basic, chequers_ecumenical_altar_grove, first_ration,
          chequers_arboretum, uniq_terence
D:4:      layout_loops_cross, temple_doors_cd, serial_shops,
          nicolae_shop_competitors_out_of_business, uniq_eustachio,
          uniq_blork_the_orc
D:5:      layout_rooms, marbit_many_paths, overflow_temple_1_default,
          lemuel_crystal_altar, kennysheep_cross_bottleneck, uniq_menkaure
D:6:      layout_rooms, kennysheep_mini_moat, nicolae_ashenzari_panopticon
Temple:   minmay_temple_bridge_abc

Skill      XL: |  1  2  3  4  5  6  7  8 |
---------------+-------------------------+-----
Shields        | 1 2 3 |  3.2
Conjurations   | 6 7 |  7.7
Fighting       | 1 2 |  2.0
Maces & Flails | 1 2 |  2.0
Armour         | 1 2 |  2.0
Spellcasting   | 3 4 |  4.5
Translocations | 1 2 |  2.3
Dodging        | 3 |  3.0
Polearms       | 1 2 |  2.2
Stealth        | |  2.5

Action                   |  1- 3 |  4- 6 |  7- 9 || total
-------------------------+-------+-------+-------++-------
Melee: Short sword       |     8 |       |     1 ||     9
       Whip              |    38 |    49 |     5 ||    92
       Kick              |    15 |     8 |     7 ||    30
       Peck              |     4 |     2 |     2 ||     8
       Hand axe          |     1 |       |       ||     1
       Spear             |       |       |    23 ||    23
 Cast: Magic Dart        |    48 |    57 |    35 ||   140
       Searing Ray       |     1 |    14 |    11 ||    26
  Use: Scroll            |     4 |     6 |     2 ||    12
       Potion            |     3 |     1 |     4 ||     8
 Stab: Sleeping          |     2 |       |     1 ||     3
  Eat: Chunk             |     3 |     9 |     5 ||    17
Armor: Leather armour    |     3 |    14 |     5 ||    22
Dodge: Dodged            |    25 |    29 |    24 ||    78
Block: Buckler           |     9 |    12 |     5 ||    26

Table legend:
 A = Non-vault XP
 B = Vault XP
 C = Vault XP percentage of total XP
 D = Non-vault monster count
 E = Vault monster count
 F = Vault count percentage of total count
                 A         B        C        D         E       F
            +---------+---------+-------+---------+---------+-------
      Total |    1098 |     406 |  27.0 |      88 |      15 |  14.6
            +---------+---------+-------+---------+---------+-------
        D:1 |      22 |       0 |   0.0 |      12 |       0 |   0.0
        D:2 |      50 |      35 |  41.2 |      23 |      11 |  32.4
        D:3 |     199 |      38 |  16.0 |      27 |       1 |   3.6
        D:4 |     240 |     291 |  54.8 |       9 |       2 |  18.2
        D:5 |     587 |      42 |   6.7 |      17 |       1 |   5.6
            +---------+---------+-------+---------+---------+-------
